 Dungeon Crawl Stone Soup version 0.25.1-2-g60ff931df9 (webtiles) character file.

Game seed: 198457801507678228

85 Doot the Insei (level 4, 0/32 HPs)
             Began as a Merfolk Transmuter on Nov 17, 2020.
             Killed by divine providence
             ... invoked by an orc priest
              (15 damage)
             ... on level 3 of the Dungeon.
             The game lasted 00:02:36 (2376 turns).

Doot the Insei (Merfolk Transmuter)                 Turns: 2376, Time: 00:02:37

Health: 0/32       AC:  2    Str: 11    XL:     4   Next: 48%
Magic:  11/16      EV: 22    Int: 12    God:
Gold:   181        SH:  0    Dex: 19    Spells: 3/7 levels left

rFire    . . .     SeeInvis .     - Unarmed
rCold    . . .     Gourm    .   (shield currently unavailable)
rNeg     . . .     Faith    .   (armour currently unavailable)
rPois    x         Spirit   .   (helmet currently unavailable)
rElec    .         Reflect  .   (cloak currently unavailable)
rCorr    .         Harm     .   (gloves currently unavailable)
MR       .....                  (boots currently unavailable)
Stlth    ++........             (no amulet)
HPRegen  0.10/turn              i - ring of magical power
MPRegen  0.15/turn              (no ring)

@: lethally poisoned (0 -> 0), spider-form (expiring), very slightly
contaminated
A: tiny, (change form in water), (swift swim), (stealthy swim)
a: End Transformation


You were on level 3 of the Dungeon.
You were not hungry.
You were a venomous arachnid creature.
You visited 1 branch of the dungeon, and saw 3 of its levels.

You collected 181 gold pieces.

Inventory:

Missiles
 a - 86 arrows
Armour
 b - a +0 robe (melded)
Jewellery
 i - a ring of magical power (left front leg)
Scrolls
 c - 3 scrolls of remove curse {unknown}
 f - a scroll of fog {unknown}
 g - a scroll of teleportation {unknown}
 j - 4 scrolls of identify {unknown}
 m - a scroll of enchant armour {unknown}
Potions
 e - a potion of haste {unknown}
 h - a potion of flight {unknown}
 k - 3 potions of lignification {unknown}
 l - a potion of stabbing {unknown}
Comestibles
 d - 6 rations
 n - 2 chunks of flesh


   Skills:
 + Level 1.1 Fighting
 + Level 3.4 Dodging
 + Level 1.3 Stealth
 + Level 4.3 Unarmed Combat
 + Level 2.4 Spellcasting
 + Level 3.3 Transmutations


You had 3 spell levels left.
You knew the following spells:

 Your Spells              Type           Power        Failure   Level  Hunger
a - Beastly Appendage     Tmut           #.....       19%         1    ##.....
b - Spider Form           Tmut/Pois      #.........   58%         3    ####...

Your spell library contained the following spells:

 Spells                   Type           Power        Failure   Level  Hunger
 Sticks to Snakes         Tmut           #.......     24%         2    ###....
 Ice Form                 Ice/Tmut       #.......     91%         4    #####..
 Blade Hands              Tmut           #.........   96%         5    ######.


Dungeon Overview and Level Annotations

Branches:
Dungeon (3/15)

Altars:


Message History

Your transformation is almost over.
The orc priest looks satisfied for a moment.
The orc priest hits you but does no damage.
You completely miss the orc priest.
The orc priest is severely wounded.
You feel sick.
The orc priest calls down the wrath of Beogh upon you.
Pain shoots through your body!
You bite the orc priest!
You kill the orc priest!
Your Stealth skill increases to level 1!
You hit the orc but do no damage. You hit the orc but do no damage.
The orc is poisoned.
The orc hits you with a +0 flail.
You hit the orc but do no damage.
The orc looks as sick as possible!
The orc is lightly wounded.
You feel sick.
The orc priest calls down the wrath of Beogh upon you.
Beogh smites you!
You die...

...### #. #.#
..### #.# #.###
....### #.# #...#
###...## #.#
###.#
....รท..###.####
#.#
####.#........#
#.# #.#))......#
#o#
#.#........###o#
#............s.#
####........#####
#...........#
#.##........# ..
#........## .
#.........###
#...........#
###########.# #.#


You could see an orc priest and an orc (extremely poisoned).

Vanquished Creatures
  An orc priest (D:3)
  An ooze (D:3)
  2 worms (D:2)
  2 dart slugs
  2 leopard geckos
  3 orcs (D:3)
  6 bats
  A giant cockroach (D:2)
  4 goblins
  4 hobgoblins
  4 frilled lizards
  7 kobolds
  4 rats
41 creatures vanquished.

Notes
Turn   | Place    | Note
-------+----------+-------------------------------------------
     0 | D:1      | Doot the Merfolk Transmuter began the quest for the Orb.
     0 | D:1      | Reached XP level 1. HP: 15/15 MP: 3/3
   335 | D:1      | Reached XP level 2. HP: 16/21 MP: 5/5
  1494 | D:2      | Reached XP level 3. HP: 25/26 MP: 6/6
  1511 | D:2      | Learned a level 3 spell: Spider Form
  1692 | D:2      | Reached skill level 4 in Unarmed Combat
  2214 | D:3      | Reached XP level 4. HP: 23/32 MP: 7/7
  2373 | D:3      | Reached skill level 1 in Stealth
  2376 | D:3      | Killed from afar by an orc priest

Illustrated notes

Levels and vault maps discovered:
D:1:      eino_arrival_druids_welcome, layout_basic
D:2:      layout_basic
D:3:      layout_rooms, chequers_serial_rivers_room_a, corexii_corridor_pit,
          uniq_jessica

Skill      XL: |  1  2  3  4 |
---------------+-------------+-----
Transmutations | 3 |  3.3
Dodging        | 3 |  3.4
Unarmed Combat | 4 |  4.3
Stealth        | 1 |  1.3
Fighting       | |  1.1
Spellcasting   | |  2.4

Action                   |  1- 3 |  4- 6 || total
-------------------------+-------+-------++-------
Melee: Unarmed           |   123 |     7 ||   130
       Headbutt          |    10 |       ||    10
       Punch             |     3 |       ||     3
 Cast: Beastly Appendage |    21 |       ||    21
       Spider Form       |     3 |     1 ||     4
 Stab: Sleeping          |     1 |       ||     1
  Eat: Chunk             |     5 |     1 ||     6
Armor: Robe              |    22 |       ||    22
       Skin              |     1 |     1 ||     2
Dodge: Dodged            |    97 |       ||    97
